 Dungeon Crawl Stone Soup version 0.30.0-18-gc0e69614cb (webtiles) character file.

Game seed: 415204432698763669

138 cheesebisquit the Trooper (level 5, -1/48 HPs)
             Began as a Draconian Transmuter on May 24, 2023.
             Succumbed to an orc wizard's poison
             ... on level 3 of the Dungeon.
             The game lasted 00:06:55 (2622 turns).

cheesebisquit the Trooper (Draconian Transmuter)    Turns: 2622, Time: 00:06:55

Health: -1/48      AC:  6    Str: 11 (12) XL:     5   Next: 1%
Magic:  8/8        EV: 12    Int: 13 (16) God:
Gold:   113        SH:  0    Dex: 10 (11) Spells: 7/8 levels left

rFire   . .          .
                       - Unarmed
rCold   . . .        (no shield)
rNeg    . . .        (body armour unavailable)
rPois   .            (helmet restricted)
rElec   .            n - +0 cloak
rCorr   .            (no gloves)
SInv    .            (no boots)
Will    .....        (no amulet)
Stlth   +            (no ring)
HPRegen 0.28/turn    (no ring)
MPRegen 0.11/turn

%: no passive effects
@: lethally poisoned (-1 -> -13), on berserk cooldown, attractive, slowed, very
slow
A: AC +5, unfitting armour, cold-blooded
a: no special abilities


You were on level 3 of the Dungeon.
You visited 1 branch of the dungeon, and saw 3 of its levels.

You collected 113 gold pieces.

Inventory:

Missiles
 s - 3 silver javelins
 t - 5 poisoned darts
 u - 8 boomerangs
Armour
 n - a +0 cloak (worn)
Scrolls
 e - a scroll of vulnerability {unknown}
 g - a scroll of summoning {unknown}
 i - 3 scrolls of brand weapon {unknown}
 j - 2 scrolls of amnesia {unknown}
 k - a scroll of enchant armour {unknown}
 m - a scroll of torment {unknown}
 o - 4 scrolls of identify {unknown}
 p - a scroll of acquirement {unknown}
 q - a scroll of immolation {unknown}
 r - 2 scrolls of blinking {unknown}
Potions
 a - a potion of lignification
 f - a potion of invisibility {unknown}
 h - 2 potions of degeneration
 l - a potion of might {unknown}


   Skills:
 + Level 5.4 Fighting
 - Level 1.7 Dodging
 - Level 3.0 Unarmed Combat
 - Level 2.0 Spellcasting
 - Level 2.0 Transmutations


You had 7 spell levels left.
You knew the following spells:

 Your Spells              Type           Power      Damage    Failure   Level
a - Beastly Appendage     Tmut           12%        N/A       11%         1

Your spell library contained the following spells:

 Spells                   Type           Power      Damage    Failure   Level
 Wereblood                Tmut           6%         N/A       17%         2
 Spider Form              Tmut/Pois      3%         N/A       45%         3
 Ice Form                 Ice/Tmut       3%         N/A       86%         4


Dungeon Overview and Level Annotations

Branches:
Dungeon (3/15)

Altars:

Shops:
D:1 *


Innate Abilities, Weirdness & Mutations

Your plain brown scales are hard. (AC +5)
You cannot fit into any form of body armour.
You are cold-blooded and may be slowed by cold attacks.


Message History

You feel a bit more experienced.
Your Fighting skill increases to level 5!
Deactivating autopickup; reactivate with Ctrl-A.
You barely miss something. You closely miss something. You tail-slap something.
Something hits you but does no damage.
You are poisoned.
You closely miss something.
You feel sick. Something hits you but does no damage.
You are more poisoned.
You miss something.
You feel sick.
You miss something.
Your tail-slap misses something.
You feel sick. Something hits you but does no damage.
You are more poisoned.
You barely miss something.
* * * LOW HITPOINT WARNING * * *
You feel very sick. Something hits you.
* * * LOW HITPOINT WARNING * * *
You are more poisoned.
You closely miss something.
* * * LOW HITPOINT WARNING * * *
You feel very sick.
You hit something.
Reactivating autopickup.
You feel a bit more experienced.
* * * LOW HITPOINT WARNING * * *
You feel very sick.
You feel your dexterity returning.
You have reached level 5!
You are too berserk!
* * * LOW HITPOINT WARNING * * *
You feel very sick.
You feel a strong urge to attack something.
* * * LOW HITPOINT WARNING * * *
You feel very sick.
You are no longer berserk.
You are exhausted.
You feel yourself slow down.
You die...

# #.# ## .# #.#
##. .# # #.# #.. #
###.#.# #.# #.#
#.##.....# #.# #.#
#...)..# #.###.#
#)# #.#...# #@#
#...### #.# #>###
#.# #.# #.#
##'##### #.#
#......# #.#
#.......
#.#########.......
#.................
###########.#.....


There were no monsters in sight!

Vanquished Creatures
  3 orc wizards (D:3)
  A gnoll (D:2)
  An adder (D:2)
  A dart slug (D:2)
  5 orcs (D:3)
  5 endoplasms
  2 giant cockroaches
  8 goblins
  6 hobgoblins
  2 jackals (D:2)
  2 quokkas
  4 ball pythons
  4 bats
  A frilled lizard (D:2)
  4 kobolds
  6 rats
55 creatures vanquished.

Notes
Turn   | Place    | Note
-------+----------+-------------------------------------------
     0 | D:1      | cheesebisquit the Draconian Transmuter began the quest for
                  | the Orb.
     0 | D:1      | Reached XP level 1. HP: 16/16 MP: 3/3
    36 | D:1      | Found a faded altar of an unknown god.
   120 | D:1      | Reached skill level 2 in Fighting
   288 | D:1      | Reached XP level 2. HP: 25/25 MP: 3/5
   620 | D:1      | Found Wuhaciom's Assorted Antiques.
   642 | D:1      | Reached skill level 3 in Fighting
  1085 | D:2      | Reached XP level 3. HP: 31/31 MP: 4/6
  1405 | D:2      | Reached skill level 4 in Fighting
  1982 | D:3      | Reached XP level 4. HP: 40/40 MP: 5/7
  2035 | D:3      | Identified the +10 spear of Lies {heavy, Str+2 SInv}
  2612 | D:3      | Reached skill level 5 in Fighting
  2620 | D:3      | Reached XP level 5. HP: 6/48 MP: 8/8
  2620 | D:3      | HP: 3/72 [poisoned by an orc wizard]
  2621 | D:3      | HP: 1/72 [poisoned by an orc wizard]
  2622 | D:3      | Succumbed to an orc wizard's poison

Illustrated notes

Levels and vault maps discovered:
D:1:      roderic_octagonal_star, layout_loops_ring, serial_shops, shop,
          dreamdust_ecumenical_altar_statues, st_stairs_8, serial_bayou_ford_a
D:2:      layout_basic, st_stairs_1, minmay_diced_spiral
D:3:      layout_basic

Skill      XL: |  1  2  3  4 |
---------------+-------------+-----
Fighting       | 2 3 4 5 |  5.4
Dodging        | |  1.7
Unarmed Combat | |  3.0
Spellcasting   | |  2.0
Transmutations | |  2.0

Action                     |  1- 3 |  4- 6 || total
---------------------------+-------+-------++-------
  Melee: Unarmed           |    93 |    65 ||   158
         Kick              |    22 |     8 ||    30
         Headbutt          |    15 |     6 ||    21
         Tailslap          |     6 |     5 ||    11
         Punch             |     3 |     3 ||     6
   Cast: Beastly Appendage |    25 |     9 ||    34
    Use: Potion            |       |     6 ||     6
   Stab: Sleeping          |     1 |       ||     1
 Armour: Skin              |    29 |    24 ||    53
  Dodge: Dodged            |    45 |    14 ||    59
